 Dungeon Crawl Stone Soup version 0.23-a0-389-g4a5eb33 (webtiles) character file.

3 MTVSty1e the Ducker (level 1, 0/10 HPs)
             Began as a Felid Chaos Knight on Oct 28, 2018.
             Was a Plaything of Xom.
             Slain by a frilled lizard (3 damage)
             ... on level 1 of the Dungeon on Oct 29, 2018.
             The game lasted 00:00:27 (33 turns).

MTVSty1e the Ducker (Felid Chaos Knight)              Turns: 33, Time: 00:00:28

Health: 0/10       AC:  1    Str:  8    XL:     1   Next: 41%
Magic:  2/2        EV: 18    Int: 13    God:    Xom [.....*]
Gold:   0          SH:  0    Dex: 15    Spells: 0/0 levels left
                                        Lives:  0   Deaths: 0

rFire    . . .     SeeInvis +     - Unarmed
rCold    . . .     Gourm    .   (shield unavailable)
rNeg     . . .     Faith    .   (armour unavailable)
rPois    .         Spirit   .   (helmet unavailable)
rElec    .         Reflect  .   (cloak unavailable)
rCorr    .         Harm     .   (gloves unavailable)
MR       .....                  (boots unavailable)
Stlth    ++........             (no amulet)
HPRegen  0.03/turn              (no ring)
MPRegen  0.08/turn              (no ring)

@: quick
A: very small, no armour, no weapons or thrown items, stealth, claws 1, fangs 3,
see invisible, carnivore, speed 1, shaggy fur 1, slow metabolism 1, sharp paws
a: Renounce Religion


You were on level 1 of the Dungeon.
You worshipped Xom.
You were Xom's teddy bear.
You were not hungry.

You visited 1 branch of the dungeon, and saw 1 of its levels.

Inventory:

Comestibles
 a - a ration


   Skills:
 + Level 3.1 Fighting
 + Level 3.2 Dodging
 + Level 3.1 Unarmed Combat


You couldn't memorise any spells.
You didn't know any spells.
Your spell library was empty.

Dungeon Overview and Level Annotations

Branches:
Dungeon (1/15)

Altars:


Innate Abilities, Weirdness & Mutations

You cannot wear armour.
You are incapable of wielding weapons or throwing items.
Your paws allow you to move quietly. (Stealth)
You have sharp claws.
You have razor-sharp teeth.
You have supernaturally acute eyesight. (SInv)
You are carnivorous and can eat meat at any time.
You cover ground quickly.
You are covered in fur. (AC +1)
You have a slow metabolism.
Your sharp claws are effective at attacking unaware monsters.


Message History

You are too injured to fight recklessly!
You are too injured to fight recklessly!
Found 3 scrolls labeled DIMEIC UHEIVVI.
A bat comes into view.
The rat barely misses you.
You scratch the rat but do no damage. The rat misses you.
You claw the rat!
You kill the rat!
The bat completely misses you.
You scratch the bat.
You kill the bat!
A frilled lizard comes into view.
An ooze comes into view.
Found 26 stones and a helmet.
You barely miss the frilled lizard. Your bite misses the frilled lizard.
The frilled lizard completely misses you.
You scratch the frilled lizard.
The frilled lizard is heavily wounded.
The frilled lizard bites you.
You die...

....##.†'.<.+ ...#
#........#...#
[.....
....#.?..#####
.....( ..
#....######......
#..........?.....
.####.............#
..................#
...............#
#..##.......@l.#
#.. #..........#
.................J
###...............
##..........#.#.
#...............
#...........#.#.
...............


You could see an ooze and a frilled lizard.

Vanquished Creatures
  A kobold (D:1)
  2 bats (D:1)
  A rat (D:1)
4 creatures vanquished.

Notes
Turn   | Place    | Note
-------+----------+-------------------------------------------
     0 | D:1      | MTVSty1e the Felid Chaos Knight began the quest for the
                  | Orb.
     0 | D:1      | Reached XP level 1. HP: 10/10 MP: 2/2
     0 | D:1      | Upgraded the game from 0.23-a0-386-g9c9d49f to
                  | 0.23-a0-389-g4a5eb33
     9 | D:1      | XOM: harmless Necr miscast
    33 | D:1      | Slain by a frilled lizard

Vault maps used:
D:1:      dpeg_arrival_tiny_h, nrook_campfire, glass_columns_b,
          minmay_misc_feat_room

Action                   || total
-------------------------++-------
Melee: Unarmed           ||    13
Armor: Skin              ||     1
Dodge: Dodged            ||     7

Table legend:
 A = Non-vault XP
 B = Vault XP
 C = Vault XP percentage of total XP
 D = Non-vault monster count
 E = Vault monster count
 F = Vault count percentage of total count
                 A         B        C        D         E       F
            +---------+---------+-------+---------+---------+-------
      Total |       5 |       0 |   0.0 |       4 |       0 |   0.0
            +---------+---------+-------+---------+---------+-------
        D:1 |       5 |       0 |   0.0 |       4 |       0 |   0.0
            +---------+---------+-------+---------+---------+-------
